 Dungeon Crawl Stone Soup version 0.28-a0-1084-ga282ea246d (webtiles) character file.

Game seed: 16931229405052489815

25083 Peloso the Fencer (level 12, -4/111 HPs)
             Began as a Minotaur Fighter on Dec 10, 2021.
             Was the Champion of Okawaru.
             Killed from afar by a lindwurm (34 damage)
             ... with a blast of flame
             ... on level 3 of the Lair of Beasts.
             The game lasted 00:23:17 (15699 turns).

Peloso the Fencer (Minotaur Fighter)               Turns: 15699, Time: 00:23:17

Health: -4/111     AC: 23    Str: 23    XL:     12   Next: 86%
Magic:  0/11       EV: 10    Int:  5    God:    Okawaru [******]
Gold:   888        SH:  7    Dex: 19    Spells: 11/11 levels left

rFire   . . .      SeeInvis .   a - +5 falchion
rCold   . . .      Faith    +   c - +0 buckler
rNeg    . . .      Spirit   +   H - +0 plate armour
rPois   +          Reflect  .   P - +2 hat of the Bear Spirit {Spirit, *Rage Will++}
rElec   .          Harm     .   F - +0 cloak
rCorr   .          Rampage  .   s - +0 pair of gloves
Will    ++...      Rage     20% K - +0 pair of boots
Stlth   ..........              B - amulet of faith
HPRegen 0.28/turn               i - ring of poison resistance
MPRegen 0.12/turn               C - +6 ring of dexterity

@: about to teleport, on berserk cooldown, slowed, very slow
A: horns 2, retaliatory headbutt
a: Renounce Religion, Heroism, Finesse, Duel


You were on level 3 of the Lair of Beasts.
You worshipped Okawaru.
Okawaru was exalted by your worship.
You visited 2 branches of the dungeon, and saw 14 of its levels.

You collected 888 gold pieces.

Inventory:

Hand Weapons
 a - a +5 falchion (weapon)
Missiles
 A - 3 throwing nets (quivered)
Armour
 b - a +0 scale mail
 c - a +0 buckler (worn)
 q - a +1 hat
 s - a +0 pair of gloves (worn)
 F - a +0 cloak (worn)
 H - a +0 plate armour (worn)
 K - a +0 pair of boots (worn)
 P - the +2 hat of the Bear Spirit (worn) {Spirit, *Rage Will++}
   (Okawaru gifted it to you on level 2 of the Lair of Beasts)

   Going berserk makes the wearer tougher, and they're slowed less afterward.
   *Rage:     It berserks you when you make melee attacks (+20% chance).
   Will:      It greatly increases your willpower.
Jewellery
 f - a ring of wizardry
 i - a ring of poison resistance (left hand)
 l - a ring of resist corrosion
 B - an amulet of faith (around neck)
 C - a +6 ring of dexterity (right hand)
 L - a +4 ring of protection
 R - a ring of flight
Wands
 u - a wand of paralysis (11)
 J - a wand of polymorph (3)
 Q - a wand of digging (9)
Scrolls
 k - 6 scrolls of amnesia
 m - 4 scrolls of identify {unknown}
 n - a scroll of teleportation
 p - a scroll of torment {unknown}
 w - a scroll of brand weapon {unknown}
 x - 2 scrolls of acquirement {unknown}
 y - a scroll of blinking {unknown}
 z - 3 scrolls of immolation {unknown}
 D - a scroll of noise {unknown}
 E - 4 scrolls of fear {unknown}
 G - 2 scrolls of silence {unknown}
 O - a scroll of fog {unknown}
 S - a scroll of summoning {unknown}
Potions
 d - a potion of might
 e - 5 potions of curing
 g - 2 potions of flight {unknown}
 h - 3 potions of haste {unknown}
 j - 8 potions of lignification {unknown}
 o - 3 potions of degeneration {unknown}
 r - 3 potions of brilliance {unknown}
 t - a potion of mutation {unknown}
 v - a potion of berserk rage {unknown}
 I - a potion of heal wounds
 M - 2 potions of attraction {unknown}
 N - 2 potions of magic {unknown}


   Skills:
 + Level 11.7 Fighting
 + Level 15.2 Long Blades
 + Level 13.6 Armour
 + Level 5.1 Dodging
 + Level 4.3 Stealth
 + Level 10.0 Shields
 + Level 0.1 Invocations
 + Level 1.6 Evocations


You had 11 spell levels left.
You didn't know any spells.
Your spell library contained the following spells:

 Spells                   Type           Power      Damage    Failure   Level
 Pain                     Necr           0%         1d4       99%         1
 Passwall                 Tmut/Erth      0%         N/A       100%        2
 Sublimation of Blood     Necr           0%         N/A       100%        2
 Wereblood                Tmut           0%         N/A       100%        2
 Inner Flame              Hex/Fire       0%         N/A       100%        3
 Portal Projectile        Hex/Tloc       0%         N/A       100%        3
 Swiftness                Air            0%         N/A       100%        3
 Vampiric Draining        Necr           0%         2d6       100%        3
 Cause Fear               Hex            0%         N/A       100%        4
 Leda's Liquefaction      Hex/Erth       0%         N/A       100%        4
 Discord                  Hex            0%         N/A       100%        8
 Animate Skeleton         Necr           Unusable   N/A       N/A         1
 Call Canine Familiar     Summ           Unusable   N/A       N/A         3
 Summon Hydra             Summ           Unusable   N/A       N/A         7

Dungeon Overview and Level Annotations

Branches:
Dungeon (11/15)            Temple (0/1) D:7            Lair (3/6) D:11
 Spider (0/4) Lair:2          Orc (0/2) D:10
  Swamp: Lair:2-4    Shoals: Lair:2-4

Altars:
Ashenzari
Elyvilon
Hepliaklqana
Okawaru
Qazlal
Ru
Trog
Xom
Yredelemnul
The Shining One

Shops:
D:10 [


Innate Abilities, Weirdness & Mutations

You have a pair of horns on your head.
You reflexively headbutt those who attack you in melee.


Message History

You slash the lindwurm!
The lindwurm is severely wounded.
The plant is engulfed in a cloud of scalding steam.
The plant begins to die.
The plant is engulfed in a cloud of scalding steam.
The plant begins to die.
The plant is engulfed in a cloud of scalding steam.
The plant begins to die.
The plant is engulfed in a cloud of scalding steam.
The plant begins to die.
The plant is engulfed in a cloud of scalding steam.
The plant begins to die.
The plant is engulfed in a cloud of scalding steam.
The plant begins to die.
The lindwurm closely misses you.
The lindwurm claws you but does no damage.
The lindwurm claws you.
* * * LOW HITPOINT WARNING * * *
The blink frog blinks!
Unknown command.
Unknown command.
You slash the lindwurm!
The lindwurm is severely wounded.
The plant is engulfed in a cloud of scalding steam.
A nearby plant withers and dies.
The plant is engulfed in a cloud of scalding steam. x4
The blink frog blinks! x3
The lindwurm breathes flames at you. The blast of flame hits you!!
* * * LOW HITPOINT WARNING * * *
Unknown command.
You feel much better.
A nearby plant withers and dies.
You block the lindwurm's attack. The lindwurm claws you.
* * * LOW HITPOINT WARNING * * *
The lindwurm claws you but does no damage.
Unknown command.
As you read the scroll of teleportation, it crumbles to dust.
You feel strangely unstable.
A nearby plant withers and dies. x5
The lindwurm breathes flames at you. The blast of flame hits you!!
You die...

♣♣..≈≈#)#≈≈..♣♣#
...§≈≈#.#≈≈≈...
♣♣..≈F#)#≈≈..♣♣#
≈≈...≈.#P≈.$.≈≈#
≈≈≈.........≈≈≈# #
≈≈≈≈.§F.Y..≈≈≈≈# ##
≈≈≈≈Y.FYh.≈≈≈≈≈# .#
≈≈≈≈F♣k♣≈≈≈≈≈≈# .## ≈≈≈
♣@♣≈≈≈≈≈♣# ..# ### #
##♣.♣###### ..#♣♣.♣♣
♣♣.....♣♣
..#♣...♣♣♣♣♣♣.......♣
...............P≈.......
..#♣...♣♣♣♣♣♣.......♣♣♣♣
..#♣♣.♣♣ ♣♣.....♣♣ ..#
### ####### ###


You could see a lindwurm (catching breath), 2 yaks, 3 blink frogs and a wolf.

Vanquished Creatures
  Gastronok (D:11)
  Harold (D:7)
  A hydra (Lair:1)
  4 two-headed ogres
  An orc knight (D:10)
  A wolf spider (Lair:2)
  An orb spider (shapeshifter) (D:10)
  A cyclops (D:11)
  Maurice (D:8)
  A black mamba (Lair:3)
  4 cane toads
  2 rime drakes
  2 komodo dragons
  2 jumping spiders (Lair:2)
  2 polar bears (Lair:1)
  8 blink frogs
  A meliai zombie (D:11)
  2 redbacks (Lair:2)
  A shadow (D:8)
  A wraith (D:7)
  36 yaks
  A basilisk (Lair:2)
  3 wyverns
  Grum (D:8)
  A steam dragon (D:8)
  Menkaure (D:5)
  An acid dragon (D:8)
  Duvessa (D:5)
  4 orc warriors
  7 water moccasins
  A sky beast (D:3)
  A black bear (D:11)
  3 necrophages
  2 wolves (D:8)
  6 centaurs
  2 ogres
  2 phantoms
  6 bullfrogs
  2 gnoll sergeants
  6 scorpions
  A wyvern skeleton (D:6)
  Dowan (D:5)
  A water moccasin zombie (D:5)
  9 killer bees
  8 wights
  8 howler monkeys
  2 bullfrog zombies
  A hound (D:6)
  4 centaur zombies
  4 orc priests
  2 jellies
  A centaur skeleton (D:4)
  A bullfrog skeleton (D:4)
  6 iguanas
  18 orc wizards
  A killer bee zombie (D:6)
  2 hound skeletons (D:5)
  3 howler monkey zombies
  20 gnolls
  9 adders
  2 shadow imps (D:5)
  A white imp (D:5)
  An ufetubus (D:4)
  An adder zombie (D:5)
  2 worms
  A dart slug (D:3)
  20 orcs
  10 ball pythons
  7 endoplasms
  4 giant cockroaches
  11 goblins
  7 hobgoblins
  3 kobolds
  4 quokkas
  7 bats
  3 frilled lizards
  4 rats (D:3)
315 creatures vanquished.

Vanquished Creatures (others)
  An orc wizard (D:10)
  A goblin (D:4)
  4 fungi
  37 plants
43 creatures vanquished.

Grand Total: 358 creatures vanquished

Notes
Turn   | Place    | Note
-------+----------+-------------------------------------------
     0 | D:1      | Peloso the Minotaur Fighter began the quest for the Orb.
     0 | D:1      | Reached XP level 1. HP: 19/19 MP: 0/0
   133 | D:1      | Reached XP level 2. HP: 27/27 MP: 1/1
   617 | D:1      | Found a faded altar of an unknown god.
   773 | D:2      | Reached XP level 3. HP: 27/33 MP: 2/2
   847 | D:2      | Reached skill level 3 in Long Blades
   882 | D:2      | Reached XP level 4. HP: 9/40 MP: 3/3
  1297 | D:2      | Found a shimmering altar of Xom.
  1624 | D:3      | Noticed a sky beast
  1631 | D:3      | Killed a sky beast
  1632 | D:3      | Reached skill level 4 in Long Blades
  1632 | D:3      | Reached skill level 5 in Armour
  1632 | D:3      | Reached skill level 1 in Dodging
  1632 | D:3      | Reached XP level 5. HP: 32/47 MP: 4/4
  2414 | D:4      | Noticed an ogre
  2427 | D:5      | Entered Level 5 of the Dungeon
  2529 | D:5      | Reached XP level 6. HP: 44/53 MP: 5/5
  2551 | D:5      | Reached skill level 5 in Long Blades
  2872 | D:5      | Noticed Menkaure
  2884 | D:5      | Killed Menkaure
  2885 | D:5      | Reached skill level 6 in Long Blades
  2885 | D:5      | Reached XP level 7. HP: 60/60 MP: 6/6
  3043 | D:5      | Reached skill level 5 in Shields
  3059 | D:5      | Reached skill level 5 in Fighting
  3439 | D:5      | Noticed Dowan
  3461 | D:5      | Killed Dowan
  3462 | D:5      | Reached skill level 7 in Long Blades
  3708 | D:5      | Reached XP level 8. HP: 69/69 MP: 7/7
  3735 | D:5      | Noticed Duvessa
  3772 | D:5      | Killed Duvessa
  4410 | D:4      | Found a white marble altar of Elyvilon.
  4465 | D:4      | Found a stormy altar of Qazlal.
  4737 | D:4      | Found a glowing golden altar of the Shining One.
  4882 | D:4      | Reached skill level 8 in Long Blades
  5503 | D:6      | Reached skill level 9 in Long Blades
  5807 | D:6      | Found a sacrificial altar of Ru.
  5822 | D:6      | Reached skill level 1 in Stealth
  5935 | D:6      | Reached XP level 9. HP: 36/78 MP: 8/8
  6154 | D:6      | Found a broken altar of Ashenzari.
  6307 | D:7      | Noticed Harold
  6325 | D:7      | Killed Harold
  6459 | D:7      | Reached skill level 10 in Long Blades
  6464 | D:7      | Noticed a two-headed ogre
  6475 | D:7      | Killed a two-headed ogre
  7119 | D:7      | Reached XP level 10. HP: 67/88 MP: 9/9
  7738 | D:7      | Found an iron altar of Okawaru.
  7762 | D:7      | Became a worshipper of Warmaster Okawaru
  7951 | D:7      | Found a bloodstained altar of Trog.
  7964 | D:7      | Found a staircase to the Ecumenical Temple.
  8117 | D:7      | Reached skill level 11 in Long Blades
  8226 | D:7      | Found a basalt altar of Yredelemnul.
  8322 | D:8      | Reached * piety under Okawaru
  8418 | D:8      | Noticed Maurice
  8430 | D:8      | Killed Maurice
  8723 | D:8      | Reached skill level 5 in Dodging
  9217 | D:8      | Noticed Grum
  9241 | D:8      | Killed Grum
  9242 | D:8      | Reached skill level 10 in Armour
  9244 | D:8      | Reached ** piety under Okawaru
  9574 | D:9      | Noticed a two-headed ogre
  9591 | D:8      | Killed a two-headed ogre
  9592 | D:8      | Reached skill level 12 in Long Blades
  9697 | D:9      | Reached XP level 11. HP: 97/97 MP: 10/10
 10264 | D:10     | Entered Level 10 of the Dungeon
 10264 | D:10     | Noticed a two-headed ogre
 10274 | D:10     | Killed a two-headed ogre
 10274 | D:10     | Reached *** piety under Okawaru
 10621 | D:10     | Found a hazy altar of Hepliaklqana.
 10643 | D:10     | Found Coskut's Armour Boutique.
 10643 | D:10     | Found a staircase to the Orcish Mines.
 10643 | D:10     | Noticed an orc knight
 10673 | D:10     | Killed an orc knight
 10673 | D:10     | Reached **** piety under Okawaru
 10674 | D:10     | Reached skill level 13 in Long Blades
 11011 | D:10     | Noticed an orb spider
 11018 | D:10     | Killed an orb spider
 11687 | D:11     | Noticed Gastronok
 11702 | D:11     | Killed Gastronok
 11702 | D:11     | Reached ***** piety under Okawaru
 12041 | D:11     | Noticed a two-headed ogre
 12049 | D:11     | Killed a two-headed ogre
 12050 | D:11     | Reached skill level 10 in Fighting
 12145 | D:11     | Noticed a six-headed hydra
 12259 | D:11     | Found a staircase to the Lair.
 12276 | Lair:1   | Entered Level 1 of the Lair of Beasts
 12369 | Lair:1   | You fall into a shaft and drop 1 floor!
 12381 | Lair:2   | Reached skill level 14 in Long Blades
 12569 | Lair:2   | Noticed a wolf spider
 12597 | Lair:2   | Killed a wolf spider
 12602 | Lair:2   | Reached XP level 12. HP: 21/106 MP: 11/11
 12609 | Lair:2   | Received a gift from Okawaru
 12609 | Lair:2   | Found the +2 hat of the Bear Spirit {Spirit, *Rage Will++}
 13640 | Lair:2   | Found a hole to the Spider Nest.
 14701 | Lair:1   | Noticed a seven-headed hydra
 14715 | Lair:1   | Killed a 12-headed hydra
 14716 | Lair:1   | Reached skill level 1 in Evocations
 15536 | Lair:3   | Reached skill level 15 in Long Blades
 15651 | Lair:3   | Reached ****** piety under Okawaru
 15674 | Lair:3   | Received a gift from Okawaru
 15686 | Lair:3   | Reached skill level 10 in Shields
 15697 | Lair:3   | HP: 5/111 [lindwurm/blast of flame (18)]
 15699 | Lair:3   | Killed from afar by a lindwurm

Illustrated notes

Levels and vault maps discovered:
D:1:      roderic_crop_circles_arrival_small, layout_loops_ring,
          shapermc_ecumenical_altar_hornbeckon
D:2:      layout_basic, basic_altar, minmay_ruptured
D:3:      kennysheep_the_goblin_king, layout_basic, grunt_ministairs_6
D:4:      layout_rooms, grunt_qazlal_clouds, tso_altar, elyvilon_altar_3,
          minmay_misc_feat_nine_boxes, grunt_decor_mini_mirrors,
          kennysheep_opposing_triangles
D:5:      layout_cave_pods, minivault_26, nrook_pool_corridor,
          minmay_a_box_with_orc_wizards_in_it, uniq_menkaure, uniq_duvessa
D:6:      layout_gridville, nicolae_ashenzari_skybound,
          mainiacjoe_overflow_cross_hatched
D:7:      layout_cave_pools, trog_three_pillars_becter,
          mainiacjoe_overflow_concentric_impassable,
          lemuel_zombie_altar_yredelemnul, minmay_temple_entry_poolview,
          nicolae_concentric_dashed_squares_mild, uniq_harold
D:8:      layout_gridville, uniq_grum, uniq_maurice
D:9:      layout_basic
D:10:     layout_gridville, worldfamousw_hep_ancestral_shrine, orc_david_3,
          grunt_decor_fettered
D:11:     layout_grid_maze, grunt_lair_entry_orc_guard_hut, uniq_gastronok
Lair:1:   layout_chaotic_city
Lair:2:   layout_cave_pods, spider_nest_entry_funnel_web, grunt_megastairs_5,
          lemuel_fruit_tree
Lair:3:   nzn_winding_woodlands_large [nzn_winding_woodlands_5x5_default,
          nzn_winding_woodlands_5x15_crooked, nzn_winding_woodlands_5x5_three,
          nzn_winding_woodlands_center_lodge,
          nzn_winding_woodlands_15x15_eel_pit,
          nzn_winding_woodlands_center_diamonds,
          nzn_winding_woodlands_5x5_cross, nzn_winding_woodlands_5x15_garden,
          nzn_winding_woodlands_5x5_open_star], layout_hall_layers,
          infiniplex_staircase_pool_2

Skill      XL: |  1  2  3  4  5  6  7  8  9 10 11 12 |
---------------+-------------------------------------+-----
Fighting       | 4 5 6 7 9 10 11 | 11.7
Armour         | 4 5 6 7 8 10 11 13 | 13.6
Shields        | 4 5 6 7 9 10 | 10.0
Long Blades    | 3 4 6 7 9 10 12 14 15 | 15.2
Dodging        | 1 2 3 4 5 |  5.1
Stealth        | 1 3 4 |  4.3
Evocations     | 1 |  1.6
Invocations    | |  0.1

Action                   |  1- 3 |  4- 6 |  7- 9 | 10-12 || total
-------------------------+-------+-------+-------+-------++-------
Melee: Long sword        |    85 |   106 |   305 |    85 ||   581
       Headbutt          |     9 |    15 |    81 |   214 ||   319
       Falchion          |       |       |       |   607 ||   607
Invok: Heroism           |       |       |       |     1 ||     1
Evoke: Wand              |       |       |     2 |     7 ||     9
  Use: Scroll            |     1 |       |       |     4 ||     5
       Potion            |       |       |       |     3 ||     3
 Stab: Paralysed         |       |       |     8 |     3 ||    11
Armor: Scale mail        |    42 |    63 |   104 |    38 ||   247
       Plate armour      |       |       |       |   253 ||   253
Dodge: Dodged            |    48 |    51 |   164 |   253 ||   516
Block: Buckler           |    28 |    37 |    96 |   220 ||   381

Table legend: (Time is in decaauts)
 A = Elapsed time spent in this place.
 B = Non-inter-level travel time spent in this place.
 C = Inter-level travel time spent in this place.
 D = Time resting spent in this place.
 E = Time spent auto-exploring this place.
 F = Levels seen in this place.
 G = Mean time per level.
                   A        B        C        D        E       F      G
               +--------+--------+--------+--------+--------+-----+--------+
         Total |  15604 |  15336 |    268 |   1055 |  11408 |  14 | 1114.6 |
       Dungeon |  12216 |  12000 |    216 |    905 |   8800 |  11 | 1110.5 |
          Lair |   3387 |   3336 |     51 |    150 |   2608 |   3 | 1129.0 |
               +--------+--------+--------+--------+--------+-----+--------+

Top non-repeatable levels by time:
     D:5: 1976 daAuts
  Lair:2: 1768 daAuts
     D:7: 1610 daAuts
     D:6: 1464 daAuts
     D:8: 1342 daAuts
  Lair:1: 1036 daAuts
    D:10: 1010 daAuts
     D:3: 973 daAuts
    D:11: 947 daAuts
     D:4: 884 daAuts
     D:2: 758 daAuts
     D:1: 686 daAuts
  Lair:3: 582 daAuts
     D:9: 562 daAuts
